 Dungeon Crawl Stone Soup version 0.23.2-1-ga50397a6bc (webtiles) character file.

Game seed: 3317569937830207111

761 Mrkan the Cudgeler (level 7, -7/44 HPs)
             Began as a Gargoyle Fighter on May 17, 2019.
             Killed by divine providence
             ... invoked by an orc priest
              (12 damage)
             ... on level 5 of the Dungeon.
             The game lasted 00:11:59 (3692 turns).

Mrkan the Cudgeler (Gargoyle Fighter)               Turns: 3692, Time: 00:11:59

Health: -7/44      AC: 16    Str: 20    XL:     7   Next: 80%
Magic:  7/7        EV:  7    Int: 10    God:
Gold:   121        SH:  9    Dex:  9    Spells: 6/6 levels left

rFire    . . .     SeeInvis .   a - +0 flail
rCold    . . .     Gourm    .   c - +0 shield
rNeg     + . .     Faith    .   b - +0 scale mail
rPois    ∞         Spirit   .   t - +0 helmet
rElec    +         Reflect  .   (no cloak)
rCorr    .         Harm     .   (no gloves)
MR       .....                  l - +2 pair of boots
Stlth    ..........             (no amulet)
HPRegen  0.14/turn              (no ring)
MPRegen  0.10/turn              (no ring)

@: no status effects
A: negative energy resistance 1, electricity resistance, unbreathing,
petrification resistance, rot immunity, AC +4
a: no special abilities


You were on level 5 of the Dungeon.
You were not hungry.

You visited 1 branch of the dungeon, and saw 5 of its levels.

You collected 121 gold pieces.

Inventory:

Hand Weapons
 a - a +0 flail (weapon)
Armour
 b - a +0 scale mail (worn)
 c - a +0 shield (worn)
 l - a +2 pair of boots (worn)
 t - a +0 helmet (worn)
Scrolls
 e - 2 scrolls of identify
 g - 2 scrolls of teleportation
 h - 4 scrolls of remove curse
 i - 2 scrolls of enchant armour
 n - a scroll of amnesia {unknown}
 p - a scroll of blinking {unknown}
 q - 2 scrolls of fear {unknown}
 r - a scroll of immolation {unknown}
Potions
 d - 3 potions of might
 j - 4 potions of haste
 k - 3 potions of flight {unknown}
 m - a potion of agility {unknown}
 o - 2 potions of heal wounds {unknown}
 s - a potion of lignification {unknown}
Comestibles
 f - 8 rations


   Skills:
 + Level 5.2 Fighting
 * Level 5.6 Maces & Flails
 + Level 5.2 Armour
 + Level 5.2 Shields


You had 6 spell levels left.
You didn't know any spells.
Your spell library was empty.

Dungeon Overview and Level Annotations

Branches:
Dungeon (5/15)
 Temple: D:4-7

Altars:
Cheibriados
Ru
Yredelemnul


Innate Abilities, Weirdness & Mutations

You are resistant to torment.
Your stone body is resilient. (AC +4)
You are immune to poison.
You resist negative energy. (rN+)
You are resistant to electric shocks. (rElec)
You can survive without breathing.
You are immune to petrification.
You are immune to rotting.


Message History

You barely miss the orc priest.
The orc priest is almost dead.
The orc priest invokes the aid of Beogh against you.
Beogh smites you!
You closely miss the orc priest.
The orc priest is almost dead.
The orc priest looks satisfied for a moment.
You hit the orc priest but do no damage.
The orc priest is almost dead.
The orc priest invokes the aid of Beogh against you.
Beogh smites you!
* * * LOW HITPOINT WARNING * * *
You hit the orc priest but do no damage.
The orc priest is almost dead.
The orc priest hits you but does no damage.
You hit the orc priest but do no damage.
The orc priest is almost dead.
The orc priest mumbles some strange prayers to Beogh against you.
Beogh smites you!
You die...

########..# ....
... .!# ..# #.# .#
#.#o# #.# #.#o#
#.# #.#@# #.#
#.#.# #.# #(#.#
#.# #.#.# ###
##.######.#.#
..####.........#.#
#.#..............#
........##########
#.#.###>#


You could see an orc priest and an orc.

Vanquished Creatures
  A sky beast (D:5)
  A centaur (D:5)
  Blork the orc (D:4)
  A howler monkey (D:5)
  A crimson imp (D:5)
  A bullfrog zombie (D:5)
  An orc wizard (D:5)
  2 iguanas
  6 worker ants
  7 adders
  3 oozes
  An adder zombie (D:4)
  4 worms
  A dart slug (D:1)
  5 leopard geckos
  5 orcs
  9 bats
  4 giant cockroaches (D:3)
  7 goblins
  4 hobgoblins
  5 jackals
  3 quokkas
  2 ball pythons
  7 frilled lizards
  A jackal zombie (D:5)
  5 kobolds
  12 rats
100 creatures vanquished.

Vanquished Creatures (others)
  An orc wizard (D:5)
1 creature vanquished.

Grand Total: 101 creatures vanquished

Notes
Turn   | Place    | Note
-------+----------+-------------------------------------------
     0 | D:1      | Mrkan the Gargoyle Fighter began the quest for the Orb.
     0 | D:1      | Reached XP level 1. HP: 14/14 MP: 1/1
   147 | D:1      | Reached XP level 2. HP: 18/19 MP: 2/2
   258 | D:1      | Reached XP level 3. HP: 16/23 MP: 3/3
   917 | D:2      | Reached XP level 4. HP: 29/29 MP: 4/4
  1560 | D:3      | Reached XP level 5. HP: 32/33 MP: 5/5
  1694 | D:3      | Found a faded altar of an unknown god.
  1970 | D:4      | Found a sacrificial altar of Ru.
  2030 | D:4      | Noticed Blork the orc
  2048 | D:4      | Killed Blork the orc
  2048 | D:4      | Reached XP level 6. HP: 25/38 MP: 6/6
  2725 | D:4      | Found a snail-covered altar of Cheibriados.
  2730 | D:4      | Found a basalt altar of Yredelemnul.
  3049 | D:5      | Entered Level 5 of the Dungeon
  3073 | D:5      | Reached skill level 5 in Maces & Flails
  3073 | D:5      | Reached XP level 7. HP: 15/44 MP: 7/7
  3406 | D:5      | Reached skill level 5 in Armour
  3434 | D:5      | Reached skill level 5 in Shields
  3455 | D:5      | Reached skill level 5 in Fighting
  3692 | D:5      | Killed from afar by an orc priest

Skill      XL: |  1  2  3  4  5  6  7 |
---------------+----------------------+-----
Maces & Flails | 3 4 5 |  5.6
Armour         | 4 5 |  5.2
Shields        | 4 5 |  5.2
Fighting       | 4 5 |  5.2

Action                   |  1- 3 |  4- 6 |  7- 9 || total
-------------------------+-------+-------+-------++-------
Melee: Flail             |   128 |   239 |   181 ||   548
  Use: Scroll            |       |       |     5 ||     5
  Eat: Chunk             |       |     5 |     2 ||     7
       Ration            |       |     1 |       ||     1
Armor: Scale mail        |   105 |   126 |   118 ||   349
Dodge: Dodged            |    42 |    97 |    57 ||   196
Block: Shield            |    72 |   149 |    96 ||   317
